 Dungeon Sprint DCSS version 0.28-a0-1190-g77e1c55843 (webtiles) character file.

Game seed: 8223605214244253753

272 Garessta the Destroyer (level 6, -4/48 HPs)
             Began as a Demonspawn Conjurer on Dec 18, 2021.
             Was a Follower of Vehumet.
             Slain by a freezing wraith (9 damage)
             ... in the Dungeon (Sprint V: "Ziggurat Sprint").
             The game lasted 00:05:04 (219 turns).

Garessta the Destroyer (Demonspawn Conjurer)         Turns: 219, Time: 00:05:05

Health: -4/48      AC:  2    Str:  8    XL:     6   Next: 2%
Magic:  17/20      EV: 13    Int: 39    God:    Vehumet [*.....]
Gold:   0          SH:  0    Dex: 13    Spells: 5/16 levels left

rFire   . . .      SeeInvis .   D - +6 Majin-Bo {vamp, MP+6 Int+6}
rCold   . . .      Faith    .   (shield currently unavailable)
rNeg    . . .      Spirit   .   a - +0 robe
rPois   .          Reflect  .   (helmet restricted)
rElec   .          Harm     .   (no cloak)
rCorr   .          Rampage  .   (no gloves)
Will    .....      NoTele   +   (no boots)
Stlth   +++.......              (no amulet)
HPRegen 0.16/turn               t - +6 ring of intelligence
MPRegen 0.17/turn               u - +6 ring of intelligence

@: no status effects
A: horns 2, thin skeletal structure 1, demonic magic 1
a: Renounce Religion


You were in the Dungeon.
You worshipped Vehumet.
Vehumet was aware of your devotion.
You visited 1 branch

Inventory:

Hand Weapons
 D - the +6 Majin-Bo (weapon) {vamp, MP+6 Int+6}
   (You found it in the Dungeon)

   It occasionally heals its wielder for a portion of the damage dealt when they
   wound a living foe with it or with a spell.
   Its wielder's spells cost health as well as magical power.
   Int:       It affects your intelligence (+6).
   MP:        It affects your magic capacity (+6).
Armour
 a - a +0 robe (worn)
 k - a +3 buckler
 A - a +3 kite shield
 B - a +3 tower shield
 E - the +18 shield of the Gong {rElec rN+ Will+ EV-5}
   (You found it in the Dungeon)

   It is deafeningly noisy when blocking attacks.
   EV:        It affects your evasion (-5).
   rElec:     It insulates you from electricity.
   rN:        It protects you from negative energy.
   Will:      It increases your willpower.
Jewellery
 q - a ring of flight
 r - a +6 ring of dexterity
 s - a +6 ring of dexterity
 t - a +6 ring of intelligence (left hand)
 u - a +6 ring of intelligence (right hand)
 v - a +6 ring of strength
 w - a +6 ring of strength
Wands
 x - a wand of mindburst (7)
 y - a wand of iceblast (7)
 z - a wand of acid (7)
Scrolls
 g - 4 scrolls of blinking
 m - 4 scrolls of amnesia
 n - 7 scrolls of fog
 o - 5 scrolls of identify
 p - 2 scrolls of fear
 C - a scroll of holy word
Potions
 b - 10 potions of curing
 c - 10 potions of heal wounds
 d - 6 potions of haste
 e - 6 potions of magic
 f - 3 potions of berserk rage
 h - a potion of brilliance
 i - 2 potions of invisibility
 j - 4 potions of resistance
 l - 5 potions of might
Miscellaneous
 F - a phantom mirror


   Skills:
 + Level 4.1 Fighting
 + Level 4.2 Dodging
 - Level 1.7 Stealth
 + Level 3.7 Shields
 + Level 5.9 Spellcasting
 * Level 9.8 Conjurations


You had 5 spell levels left.
You knew the following spells:

 Your Spells              Type           Power      Damage    Failure   Level
a - Magic Dart            Conj           100%       1d8       1%          1
b - Searing Ray           Conj           100%       2d8       1%          2
c - Iskenderun's Mystic   Conj/Tloc      49%        2d11      3%          4
d - Fulminant Prism       Conj/Hex       24%        3d13      3%          4

Your spell library contained the following spells:

 Spells                   Type           Power      Damage    Failure   Level
 Freeze                   Ice            44%        1d6       3%          1
 Dazzling Flash           Conj/Hex       98%        N/A       1%          3
 Animate Skeleton         Necr           22%        N/A       3%          1
 Apportation              Tloc           22%        N/A       3%          1
 Summon Small Mammal      Summ           44%        N/A       3%          1


Dungeon Overview and Level Annotations

Branches:
Dungeon (1/1)

Altars:
Ashenzari
Cheibriados
Dithmenos
Elyvilon
Fedhas
Gozag
Hepliaklqana
Kikubaaqudgha
Makhleb
Nemelex Xobeh
Okawaru
Qazlal
Ru
Sif Muna
Trog
Uskayaw
Vehumet
Wu Jian
Xom
Yredelemnul
Zin
The Shining One
Beogh
Jiyva
Lugonu

Annotations:
D 1 transporter


Innate Abilities, Weirdness & Mutations

You have a pair of horns on your head.
You have a somewhat thin skeletal structure. (Dex +2, Stealth+)
Spells you cast may paralyse adjacent enemies.


Message History

Vehumet accepts your kill.
You can now gain magical power from killing.
Vehumet offers you knowledge of Freeze.
The mystic blast hits the freezing wraith.
The freezing wraith is moderately damaged.
The freezing wraith is knocked back by the mystic blast.
The mystic blast hits the flying skull!
The flying skull is severely damaged.
The flying skull is knocked back by the mystic blast.
* * * LOW HITPOINT WARNING * * *
Casting: Iskenderun's Mystic Blast (quite dangerous; 5% risk of failure)
Confirm with . or Enter, or press ? or * to list all spells.
The spell is quite dangerous to miscast (5% risk of failure)!
Continue anyway?
You erupt in a blast of force!
The mystic blast hits the flying skull!
You destroy the flying skull!
Vehumet accepts your kill.
The mystic blast hits the freezing wraith!
The freezing wraith is heavily damaged.
The freezing wraith is knocked back by the mystic blast.
* * * LOW HITPOINT WARNING * * *
Your Fighting skill gained 2 levels and is now at level 4!
Your Dodging skill increases to level 4!
Your Shields skill increases to level 3!
Your Conjurations skill increases to level 9!
You have reached level 5!
Your demonic ancestry asserts itself...
The horns on your head grow some more.
You have reached level 6!
Your demonic ancestry asserts itself...
A menacing aura infuses your magic. Magic courses through your body.
Casting: Iskenderun's Mystic Blast (dangerous; 3% risk of failure)
Confirm with . or Enter, or press ? or * to list all spells.
You erupt in a blast of force!
The mystic blast hits the freezing wraith but does no damage.
The freezing wraith is heavily damaged.
Malevolent energies surge around you.
* * * LOW HITPOINT WARNING * * *
The freezing wraith hits you!
You die...

▓▓▓▓▓▓▓▓▓▓▓▓▓
▓.8©8.▓.8©8.▓
▓.:?:.▓.....▓
▓.....▓.....▓
▓.....▓.....▓
▓.....▓.....▓
▓.W...▓..©..▓
▓..@..▓▓▓▓▓▓▓
▓▓▓▓▓▓▓


You could see a freezing wraith.

Vanquished Creatures
  A flying skull (D)
  A floating eye (D)
  A white imp (D)
  An endoplasm (D)
4 creatures vanquished.

Vanquished Creatures (others)
  A fulminant prism (D)
1 creature vanquished.

Grand Total: 5 creatures vanquished

Notes
Turn   | Place    | Note
-------+----------+-------------------------------------------
     0 | D        | Garessta the Demonspawn Conjurer began the quest for the
                  | Orb.
     0 | D        | Reached XP level 1. HP: 13/13 MP: 3/3
     0 | D        | Found a shimmering blue altar of Sif Muna.
     0 | D        | Found a sacrificial altar of Ru.
     0 | D        | Found a bloodstained altar of Trog.
     0 | D        | Found a stormy altar of Qazlal.
     0 | D        | Found an iron altar of Okawaru.
     0 | D        | Found a sparkling altar of Nemelex Xobeh.
     0 | D        | Found a blossoming altar of Fedhas.
     0 | D        | Found the +6 Majin-Bo {vamp, MP+6 Int+6}
     0 | D        | Found the +9 heavy crossbow "Sniper" {vorpal, Acc+∞ SInv}
     0 | D        | Found the +10 dark maul {vorpal}
     0 | D        | Found the +15 Maxwell's patent armour {-Cast -Tele rElec
                  | Will+ rCorr}
     0 | D        | Found the +18 shield of the Gong {rElec rN+ Will+ EV-5}
     0 | D        | Found the +14 obsidian axe {vorpal, Mesm Drain Fly SInv}
     0 | D        | Found the +7 great mace "Firestarter" {inner flame, rF++}
     0 | D        | Found the +6 shillelagh "Devastator" {shatter}
     0 | D        | Found the +11 plutonium sword {Contam Stlth-}
     0 | D        | Found the +8 lance "Wyrmbane" {slay drac, rPois rF+ rC+
                  | AC+3}
     0 | D        | Found the +9 sword of Zonguldrok {reap}
     0 | D        | Found the +13 scythe of Curses {drain, Drain}
     0 | D        | Found the +5 sword of Power {vorpal}
     0 | D        | Found the +7 mace of Variability {chain chaos}
     0 | D        | Found the +7 Singing Sword {vorpal, sonic wave}
     0 | D        | Found the +8 storm bow {elec, penet}
     2 | D        | Found a transporter.
     2 | D        | Found an ancient bone altar of Kikubaaqudgha.
     2 | D        | Found a viscous altar of Jiyva.
     2 | D        | Found a corrupted altar of Lugonu.
     2 | D        | Found a hazy altar of Hepliaklqana.
     2 | D        | Found a burning altar of Makhleb.
     2 | D        | Found an opulent altar of Gozag.
    48 | D        | Became a worshipper of Vehumet
    68 | D        | Reached skill level 7 in Conjurations
    68 | D        | Gained mutation: You have a somewhat thin skeletal
                  | structure. (Dex +2, Stealth+) [demonic ancestry]
    68 | D        | Reached XP level 2. HP: 19/19 MP: 4/7
    72 | D        | Learned a level 2 spell: Searing Ray
   163 | D        | Entered arena 2.
   163 | D        | Noticed a floating eye
   163 | D        | Found a transporter.
   167 | D        | Killed a floating eye
   168 | D        | Reached skill level 5 in Spellcasting
   168 | D        | Reached skill level 8 in Conjurations
   168 | D        | Gained mutation: You have a pair of small horns on your
                  | head. [demonic ancestry]
   168 | D        | Reached XP level 3. HP: 28/28 MP: 9/9
   168 | D        | Reached XP level 4. HP: 34/34 MP: 10/11
   180 | D        | Learned a level 4 spell: Iskenderun's Mystic Blast
   185 | D        | Learned a level 4 spell: Fulminant Prism
   211 | D        | Entered arena 3.
   211 | D        | Noticed a freezing wraith
   211 | D        | Noticed a flying skull
   211 | D        | Found a transporter.
   216 | D        | Reached * piety under Vehumet
   216 | D        | Offered knowledge of Freeze by Vehumet.
   217 | D        | Killed a flying skull
   218 | D        | Reached skill level 9 in Conjurations
   218 | D        | Gained mutation: You have a pair of horns on your head.
                  | [demonic ancestry]
   218 | D        | Reached XP level 5. HP: 8/42 MP: 1/13
   218 | D        | Gained mutation: Spells you cast may paralyse adjacent
                  | enemies. [demonic ancestry]
   218 | D        | Reached XP level 6. HP: 9/48 MP: 1/14
   219 | D        | Slain by a freezing wraith

Illustrated notes

Levels and vault maps discovered:
D:        sprint_v [room_start, room_1, room_2, room_3, room_4, room_5, room_6,
          room_7, room_8, room_9, room_10, room_11, room_12, room_13, room_14,
          room_15, room_16, room_17, room_18, room_19, room_20, room_21,
          room_22, room_23, room_24, room_25, room_26, room_27]

Skill      XL: |  1  2  3  4 |
---------------+-------------+-----
Spellcasting   | 4 5 |  5.9
Conjurations   | 7 8 9 |  9.8
Fighting       | 2 4 |  4.1
Dodging        | 3 4 |  4.2
Shields        | 2 3 |  3.7
Stealth        | |  1.7

Action                   |  1- 3 |  4- 6 || total
-------------------------+-------+-------++-------
 Cast: Searing Ray       |     1 |     1 ||     2
       Iskenderun's Myst |       |     3 ||     3
       Fulminant Prism   |       |     1 ||     1
  Use: Potion            |     2 |     1 ||     3

Table legend: (Time is in decaauts)
 A = Elapsed time spent in this place.
 B = Non-inter-level travel time spent in this place.
 C = Inter-level travel time spent in this place.
 D = Time resting spent in this place.
 E = Time spent auto-exploring this place.
 F = Levels seen in this place.
 G = Mean time per level.
                   A        B        C        D        E       F      G
               +--------+--------+--------+--------+--------+-----+--------+
         Total |    217 |    211 |      6 |     44 |     19 |   1 |  217.0 |
       Dungeon |    217 |    211 |      6 |     44 |     19 |   1 |  217.0 |
               +--------+--------+--------+--------+--------+-----+--------+

Top non-repeatable levels by time:
       D: 217 daAuts
